 Dungeon Crawl Stone Soup version 0.28.0-53-g5a82cb258f (webtiles) character file.

Game seed: 8997965415996780655

1811 pkoi the Digger (level 8, -4/57 HPs)
             Began as a Demigod Earth Elementalist on June 3, 2022.
             Slain by a hornet (8 damage)
             ... while paralysed by a hornet
             ... on level 6 of the Dungeon.
             The game lasted 00:07:38 (5617 turns).

pkoi the Digger (Demigod Earth Elementalist)        Turns: 5617, Time: 00:07:38

Health: -4/57      AC:  6    Str:  4    XL:     8   Next: 54%
Magic:  21/25      EV:  2    Int: 29    God:
Gold:   312        SH:  0    Dex: 18    Spells: 9/13 levels left

rFire   + . .      SeeInvis .   k - +7 falchion of Xiepev {vamp, rElec Str-5 Dex+4}
rCold   . . .      Faith    .   (no shield)
rNeg    . . .      Spirit   .   q - +1 leather armour of Omission {rPois rF+ MP+9 Int+4}
rPois   +          Reflect  .   (no helmet)
rElec   +          Harm     .   p - +1 cloak
rCorr   +          Rampage  .   (no gloves)
Will    .....                   (no boots)
Stlth   ++........              g - amulet of magic regeneration
HPRegen 0.19/turn               h - ring of resist corrosion
MPRegen 0.59/turn               (no ring)

@: paralysed, lethally poisoned (-4 -> -9)
A: high MP 1, forlorn, divine attributes
a: no special abilities


You were on level 6 of the Dungeon.
You visited 1 branch of the dungeon, and saw 6 of its levels.

You collected 312 gold pieces.

Inventory:

Hand Weapons
 d - a +3 dagger of freezing
 k - the +7 falchion of Xiepev (weapon) {vamp, rElec Str-5 Dex+4}
   (You found it on level 2 of the Dungeon)

   It occasionally heals its wielder for a portion of the damage dealt when it
   wounds a living foe.
   Str:       It affects your strength (-5).
   Dex:       It affects your dexterity (+4).
   rElec:     It insulates you from electricity.
 l - a +0 dagger
Missiles
 c - 72 stones
Armour
 b - a +0 robe
 p - a +1 cloak (worn)
 q - the +1 leather armour of Omission (worn) {rPois rF+ MP+9 Int+4}
   (You found it on level 4 of the Dungeon)

   Int:       It affects your intelligence (+4).
   rF:        It protects you from fire.
   rPois:     It protects you from poison.
   MP:        It affects your magic capacity (+9).
Jewellery
 f - a ring of fire
 g - an amulet of magic regeneration (around neck)
 h - a ring of resist corrosion (left hand)
Wands
 j - a wand of polymorph (5)
Scrolls
 a - a scroll of fog
 m - a scroll of identify
 o - 2 scrolls of blinking
Potions
 e - 2 potions of cancellation {unknown}
 i - 2 potions of might
 n - a potion of magic
 r - a potion of invisibility {unknown}
 s - a potion of berserk rage {unknown}


   Skills:
 + Level 4.0 Armour
 - Level 1.7 Dodging
 - Level 1.7 Stealth
 + Level 3.4 Spellcasting
 + Level 5.7 Conjurations
 - Level 0.8 Transmutations
 + Level 7.3 Earth Magic


You had 9 spell levels left.
You knew the following spells:

 Your Spells              Type           Power      Damage    Failure   Level
a - Sandblast             Erth           94%        2d19      1%          1
b - Stone Arrow           Conj/Erth      84%        3d12      2%          3

Your spell library contained the following spells:

 Spells                   Type           Power      Damage    Failure   Level
 Passwall                 Tmut/Erth      23%        N/A       3%          2
 Petrify                  Tmut/Erth      28%        N/A       22%         4
 Ozocubu's Armour         Ice            4%         N/A       36%         3
 Tukima's Dance           Hex            4%         N/A       36%         3
 Anguish                  Hex/Necr       2%         N/A       77%         4
 Enfeeble                 Hex            2%         N/A       100%        7
 Ozocubu's Refrigeration  Ice            2%         4d5       100%        7


Dungeon Overview and Level Annotations

Branches:
Dungeon (6/15)             Temple (0/1) D:5


Innate Abilities, Weirdness & Mutations

You have an increased reservoir of magic. (+10% MP)
You shall have no god before yourself.
Your divine heritage dramatically boosts your attributes as you level up.


Message History

Aiming: Sandblast (safe; 1% risk of failure)
Press: ? - help, Q - select action, (/) - cycle Shift-Dir - straight line, f/p - hornet
Aim: a hornet (74% to hit)
The blast of sand misses the hornet.
You feel sick. The hornet stings you!
* * * LOW HITPOINT WARNING * * *
Aiming: Sandblast (safe; 1% risk of failure)
Press: ? - help, Q - select action, (/) - cycle Shift-Dir - straight line, f/p - hornet
Aim: a hornet (74% to hit)
The blast of sand hits the hornet but does no damage.
You feel sick. The hornet stings you.
* * * LOW HITPOINT WARNING * * *
The hornet stings you.
* * * LOW HITPOINT WARNING * * *
You are more poisoned.
You feel yourself slow down.
Aiming: Sandblast (safe; 1% risk of failure)
Press: ? - help, Q - select action, (/) - cycle Shift-Dir - straight line, f/p - hornet
Aim: a hornet (74% to hit)
The blast of sand hits the hornet but does no damage.
You feel very sick. The hornet stings you.
* * * LOW HITPOINT WARNING * * *
The hornet stings you.
* * * LOW HITPOINT WARNING * * *
You feel as though you will be slow longer.
Unknown command.
Aiming: Sandblast (safe; 1% risk of failure)
Press: ? - help, Q - select action, (/) - cycle Shift-Dir - straight line, f/p - hornet
Aim: a hornet (74% to hit)
The blast of sand misses the hornet.
You feel very sick. The hornet stings you.
* * * LOW HITPOINT WARNING * * *
You suddenly lose the ability to move!
The hornet stings you!
* * * LOW HITPOINT WARNING * * *
You feel yourself speed up.
* * * LOW HITPOINT WARNING * * *
You feel sick. The hornet stings you!
You die...

##...### ####.#
###.....### #..#
##.........# #..#
#..........# ##..#
#...........# #...##
##..........# ##....#
##.........####.....##.
##.........##.........#
###....#...#@y.....###
#######.?.........#
##...........#
#..<.........
#............
#.[.........
#...........
#.......... ...........


You could see a hornet.

Vanquished Creatures
  Pikel (D:6)
  A troll (D:6)
  An ice beast (D:6)
  3 necrophages
  An ogre (D:5)
  A water moccasin skeleton (D:5)
  2 howler monkeys
  A centaur skeleton (D:5)
  2 orc priests (D:5)
  3 hounds
  2 iguanas (D:4)
  3 orc wizards
  2 hound skeletons
  4 gnolls (D:3)
  9 adders
  A white imp (D:5)
  An ufetubus (D:4)
  An adder skeleton (D:4)
  3 worms
  2 dart slugs
  12 orcs
  6 ball pythons
  10 endoplasms
  3 giant cockroaches
  10 goblins
  6 hobgoblins
  8 jackals
  2 quokkas
  7 bats
  5 frilled lizards (D:1)
  7 kobolds
  10 rats
130 creatures vanquished.

Notes
Turn   | Place    | Note
-------+----------+-------------------------------------------
     0 | D:1      | pkoi the Demigod Earth Elementalist began the quest for the
                  | Orb.
     0 | D:1      | Reached XP level 1. HP: 14/14 MP: 5/5
    33 | D:1      | Reached skill level 3 in Earth Magic
   347 | D:1      | Reached XP level 2. HP: 20/20 MP: 7/7
  1222 | D:2      | Identified the +7 falchion of Xiepev {vamp, rElec Str-5
                  | Dex+4}
  1234 | D:2      | Reached XP level 3. HP: 26/26 MP: 6/8
  1440 | D:2      | Reached skill level 4 in Earth Magic
  1522 | D:2      | Learned a level 3 spell: Stone Arrow
  2246 | D:2      | Reached skill level 1 in Conjurations
  2498 | D:3      | Reached XP level 4. HP: 28/33 MP: 9/9
  3509 | D:3      | Reached XP level 5. HP: 38/38 MP: 8/10
  3663 | D:4      | Reached skill level 5 in Earth Magic
  3689 | D:4      | Noticed a necrophage
  3695 | D:4      | Killed a necrophage
  3772 | D:4      | Reached XP level 6. HP: 45/45 MP: 9/11
  4303 | D:4      | Identified the +1 leather armour of Omission {rPois rF+
                  | MP+9 Int+4}
  4496 | D:5      | Entered Level 5 of the Dungeon
  4505 | D:5      | Found a staircase to the Ecumenical Temple.
  4516 | D:5      | Reached skill level 1 in Armour
  4516 | D:5      | Reached skill level 6 in Earth Magic
  4537 | D:5      | Reached XP level 7. HP: 28/50 MP: 12/12
  5388 | D:6      | Noticed Pikel
  5395 | D:6      | Killed Pikel
  5396 | D:6      | Reached skill level 5 in Conjurations
  5396 | D:6      | Reached XP level 8. HP: 57/57 MP: 14/15
  5398 | D:6      | Reached skill level 7 in Earth Magic
  5549 | D:6      | Noticed a troll
  5555 | D:6      | Killed a troll
  5606 | D:6      | Noticed a hornet
  5616 | D:6      | Paralysed by a hornet for 2 turns
  5617 | D:6      | Slain by a hornet

Illustrated notes

Levels and vault maps discovered:
D:1:      lightli_arrival_chessboard, layout_basic
D:2:      layout_loops_ring, minmay_misc_feat_four_crosses
D:3:      minmay_chambers_of_twos, layout_basic, serial_corexii_hall,
          corexii_hall_statues_i, corexii_hall_statues_x,
          chequers_hall_statues_wall_a, shapermc_ecumenical_altar_venn
D:4:      layout_basic, lemuel_coloured_pillars_altar
D:5:      layout_rooms, amcnicky_altar_gilded, minmay_temple_entry_glass,
          moated_statue
D:6:      layout_cave_pods, lemuel_tele_altar,
          mainiacjoe_overflow_six_doors_small, fiery_altar_vehumet,
          serial_shops, shop, uniq_pikel, uniq_grinder

Skill      XL: |  1  2  3  4  5  6  7  8 |
---------------+-------------------------+-----
Earth Magic    | 3 4 5 6 7 |  7.3
Conjurations   | 1 2 3 4 5 |  5.7
Armour         | 1 3 4 |  4.0
Spellcasting   | 2 3 |  3.4
Dodging        | |  1.7
Stealth        | |  1.7
Transmutations | |  0.8

Action                   |  1- 3 |  4- 6 |  7- 9 || total
-------------------------+-------+-------+-------++-------
Melee: Dagger            |    59 |       |       ||    59
       Punch             |     1 |       |       ||     1
       Falchion          |    21 |     7 |       ||    28
 Cast: Sandblast         |    34 |    87 |    19 ||   140
       Stone Arrow       |       |       |    25 ||    25
  Use: Scroll            |     7 |     5 |     1 ||    13
 Stab: Sleeping          |     4 |       |       ||     4
       Distracted        |     1 |       |       ||     1
Armor: Robe              |    19 |     7 |       ||    26
       Leather armour    |       |     3 |     8 ||    11
Dodge: Dodged            |    59 |    30 |    15 ||   104
